 Dungeon Crawl Stone Soup version 0.29.0-7-g18a832c13a (webtiles) character file.

Game seed: 8184344742627733315

288 Alfie the Trooper (level 6, -2/55 HPs)
             Began as a Hill Orc Fighter on Aug 30, 2022.
             Killed from afar by Natasha (6 damage)
             ... with a magic dart
             ... on level 3 of the Dungeon.
             The game lasted 00:05:09 (2446 turns).

Alfie the Trooper (Hill Orc Fighter)                Turns: 2446, Time: 00:05:10

Health: -2/55      AC:  8    Str: 21    XL:     6   Next: 31%
Magic:  6/6        EV:  9    Int:  8    God:
Gold:   91         SH:  4    Dex: 10    Spells: 3/5 levels left

rFire   . . .      SeeInvis .   a - +0 rapier
rCold   . . .      Faith    .   c - +0 buckler
rNeg    . . .      Spirit   .   b - +0 scale mail
rPois   .          Reflect  .   (no helmet)
rElec   .          Harm     .   f - +0 cloak
rCorr   .          Rampage  .   (no gloves)
Will    .....                   (no boots)
Stlth   ..........              (no amulet)
HPRegen 0.18/turn               (no ring)
MPRegen 0.10/turn               (no ring)

@: slowed, very slow
A: no striking features
a: no special abilities


You were on level 3 of the Dungeon.
You visited 1 branch of the dungeon, and saw 3 of its levels.

You collected 91 gold pieces.

Inventory:

Hand Weapons
 a - a +0 rapier (weapon)
Missiles
 l - 6 boomerangs (quivered)
Armour
 b - a +0 scale mail (worn)
 c - a +0 buckler (worn)
 f - a +0 cloak (worn)
Jewellery
 m - a ring of fire
Scrolls
 h - a scroll of butterflies {unknown}
 k - a scroll of summoning
 n - a scroll of immolation {unknown}
 o - a scroll of identify {unknown}
 p - a scroll of enchant armour {unknown}
 q - a scroll of teleportation {unknown}
Potions
 e - a potion of magic
 g - 2 potions of curing {unknown}
 i - a potion of brilliance {unknown}
 j - a potion of resistance {unknown}


   Skills:
 + Level 4.8 Fighting
 + Level 4.2 Short Blades
 + Level 4.5 Armour
 + Level 1.0 Dodging
 + Level 4.2 Shields


You had 3 spell levels left.
You knew the following spells:

 Your Spells              Type           Power      Damage    Failure   Level
a - Blink                 Tloc           0%         N/A       92%         2

Your spell library contained the following spells:

 Spells                   Type           Power      Damage    Failure   Level
 Summon Small Mammal      Summ           0%         N/A       83%         1
 Call Canine Familiar     Summ           0%         N/A       99%         3
 Gell's Gravitas          Tloc           0%         N/A       99%         3
 Summon Guardian Golem    Hex/Summ       0%         N/A       99%         3
 Teleport Other           Tloc           0%         N/A       99%         3
 Manifold Assault         Tloc           0%         N/A       100%        5
 Dispersal                Tloc           0%         N/A       100%        6
 Storm Form               Tmut/Air       0%         N/A       100%        7


Dungeon Overview and Level Annotations

Branches:
Dungeon (3/15)

Altars:

Annotations:
D:3 Natasha


Message History

The crimson imp is almost dead.
The crimson imp hits you but does no damage.
Natasha closely misses you.
You closely miss the crimson imp.
The crimson imp is severely wounded.
The crimson imp hits you but does no damage.
Natasha stares at you and mumbles some strange words.
You feel yourself slow down.
You hit the crimson imp.
You kill the crimson imp!
The crimson imp disappears in a puff of smoke!
You block Natasha's attack. Natasha casts a spell at you.
The magic dart hits you but does no damage.
Natasha claws you!
* * * LOW HITPOINT WARNING * * *
You puncture Natasha!
Natasha is heavily wounded.
Natasha claws you.
* * * LOW HITPOINT WARNING * * *
You hit Natasha.
Natasha is almost dead.
Natasha closely misses you. Natasha barely misses you.
You closely miss Natasha.
Natasha is almost dead.
Natasha claws you.
* * * LOW HITPOINT WARNING * * *
You barely miss Natasha.
Natasha is almost dead.
Natasha closely misses you. Natasha casts a spell at you.
The magic dart hits you but does no damage.
You barely miss Natasha.
Natasha is almost dead.
Natasha closely misses you.
You hit Natasha but do no damage.
Natasha is almost dead.
Natasha casts a spell at you. The magic dart hits you.
You die...

...##............
.................#......
....(............#........
....................... ...
#.........##.........####..
..........##.......#.......
..........##..............#
.....$....##.†............#
..........@.............#..
..........h................
..........##.....#.........
######...##..#.###.........
#...$..##..........###
#.................##
#.................#
.......#............
#.......#...#.


You could see Natasha (strong).

Vanquished Creatures
  Sigmund (D:3)
  Natasha (D:3)
  3 adders
  3 worms (D:2)
  3 dart slugs
  6 bats
  7 endoplasms
  4 giant cockroaches
  7 goblins
  7 hobgoblins
  5 kobolds
  A quokka (D:1)
  2 ball pythons
  3 frilled lizards
  8 rats
61 creatures vanquished.

Vanquished Creatures (collateral kills)
  A giant cockroach (D:2)
1 creature vanquished.

Grand Total: 62 creatures vanquished

Notes
Turn   | Place    | Note
-------+----------+-------------------------------------------
     0 | D:1      | Alfie the Hill Orc Fighter began the quest for the Orb.
     0 | D:1      | Reached XP level 1. HP: 19/19 MP: 1/1
    95 | D:1      | Reached XP level 2. HP: 11/27 MP: 2/2
   352 | D:1      | Found a faded altar of an unknown god.
   585 | D:1      | Reached XP level 3. HP: 29/33 MP: 3/3
  1167 | D:2      | Learned a level 2 spell: Blink
  1204 | D:2      | Reached XP level 4. HP: 39/40 MP: 4/4
  2145 | D:3      | Noticed Sigmund
  2170 | D:3      | Killed Sigmund
  2171 | D:3      | Reached XP level 5. HP: 7/47 MP: 0/5
  2171 | D:3      | Reached XP level 6. HP: 8/53 MP: 0/6
  2399 | D:3      | Noticed Natasha
  2415 | D:3      | Killed Natasha
  2416 | D:3      | Reached skill level 1 in Dodging
  2431 | D:3      | Noticed Natasha
  2446 | D:3      | Killed from afar by Natasha

Illustrated notes

Levels and vault maps discovered:
D:1:      evilmike_arrival_hilbert_curve, layout_basic,
          chequers_ecumenical_altar_simple_redux
D:2:      layout_loops_ring
D:3:      layout_rooms, uniq_natasha, uniq_sigmund

Skill      XL: |  1  2  3  4  5  6 |
---------------+-------------------+-----
Fighting       | 4 |  4.8
Shields        | 4 |  4.2
Short Blades   | 4 |  4.2
Armour         | 4 |  4.5
Dodging        | 1 |  1.0

Action                   |  1- 3 |  4- 6 || total
-------------------------+-------+-------++-------
Melee: Rapier            |   149 |   122 ||   271
  Use: Scroll            |     1 |     1 ||     2
       Potion            |       |     2 ||     2
Armor: Scale mail        |    76 |    50 ||   126
Dodge: Dodged            |    76 |    42 ||   118
Block: Buckler           |    35 |    20 ||    55
